 Dungeon Crawl Stone Soup version 0.30.0-29-ga12c61a403 (webtiles) character file.

Game seed: 16473022754556880792

29519 cdecastro the Fighter (level 13, -5/155 HPs)
             Began as a Troll Fighter on June 19, 2023.
             Was a Plaything of Xom.
             Slain by a seven-headed hydra (12 damage)
             ... on level 13 of the Dungeon.
             The game lasted 00:31:26 (11493 turns).

cdecastro the Fighter (Troll Fighter)              Turns: 11493, Time: 00:31:27

Health: -5/155     AC: 15    Str: 37    XL:     13   Next: 15%
Magic:  13/13      EV: 11    Int:  3    God:    Xom [...*..]
Gold:   96         SH:  8    Dex: 10    Spells: 12/12 levels left

rFire   . .          .
                       - Unarmed
rCold   + . .        b - +0 kite shield
rNeg    + . .        O - +0 troll leather armour
rPois   .            T - +2 hat
rElec   .            h - +1 cloak {Will+}
rCorr   .            (gloves unavailable)
SInv    .            (boots unavailable)
Will    ++...        v - amulet of the acrobat
Stlth   +            w - +6 ring of strength
HPRegen 2.05/turn    C - ring of positive energy
MPRegen 0.13/turn

%: acrobat
@: no status effects
A: large, unfitting armour, claws 3, regeneration 1, shaggy fur 1, tough skin 1,
horns 1, iridescent scales 2, clumsy 1, cold resistance 1, high MP 1,
strong-willed 1, robust 1, strong 1, inability to drink after injury 1,
MP-powered wands, sturdy frame 1
a: Renounce Religion


You were on level 13 of the Dungeon.
You worshipped Xom.
You were a favourite toy of Xom.
You visited 2 branches of the dungeon, and saw 15 of its levels.
You also visited: Bailey.

You collected 947 gold pieces.
You spent 851 gold pieces at shops.

Inventory:

Missiles
 m - 36 poisoned darts
 p - 5 curare-tipped darts
 s - a throwing net
 A - 12 large rocks
 E - 6 boomerangs (quivered)
Armour
 b - a +0 kite shield (worn)
 h - a +1 cloak of willpower (worn)
 O - a +0 troll leather armour (worn)
 T - a +2 hat (worn)
Jewellery
 a - a ring of see invisible
 v - an amulet of the acrobat (around neck)
 w - a +6 ring of strength (left claw)
 C - a ring of positive energy (right claw)
Wands
 I - a wand of roots (6)
 J - a wand of charming (7)
 P - a wand of mindburst (7)
 R - a wand of light (4)
Scrolls
 g - a scroll of noise {unknown}
 i - 5 scrolls of vulnerability
 j - 4 scrolls of amnesia {unknown}
 k - 3 scrolls of brand weapon
 q - 2 scrolls of blinking {unknown}
 u - 8 scrolls of teleportation
 x - 2 scrolls of butterflies
 y - 3 scrolls of enchant armour {unknown}
 B - 7 scrolls of fog
 H - 3 scrolls of identify
 K - 4 scrolls of fear
 M - 2 scrolls of poison
 N - 2 scrolls of silence
 Q - 2 scrolls of immolation
 U - a scroll of magic mapping {unknown}
Potions
 c - 2 potions of might
 d - 5 potions of mutation
 e - 5 potions of curing
 f - 4 potions of heal wounds
 l - 2 potions of resistance
 n - 2 potions of lignification
 o - 3 potions of haste
 r - 2 potions of flight
 t - a potion of brilliance
 z - 3 potions of attraction
 D - a potion of invisibility
 F - 2 potions of magic
 G - a potion of berserk rage
 S - a potion of degeneration
Miscellaneous
 L - a phial of floods (inert)


   Skills:
 + Level 12.6 Fighting
 - Level 8.2 Throwing
 - Level 6.1 Armour
 + Level 7.1 Dodging
 - Level 5.0 Shields
 - Level 9.0 Unarmed Combat


You had 12 spell levels left.
You didn't know any spells.
Your spell library contained the following spells:

 Spells                   Type           Power      Damage    Failure   Level
 Necrotise                Necr           0%         1d4       71%         1
 Cigotuvi's Dreadful Rot  Necr/Pois/Air  0%         N/A       83%         2
 Scorch                   Fire           0%         2d5       83%         2
 Static Discharge         Conj/Air       0%         2-2/arc   83%         2
 Dazzling Flash           Conj/Hex       0%         N/A       97%         3
 Vampiric Draining        Necr           0%         2d6       97%         3
 Volatile Blastmotes      Fire/Tloc      0%         2d10      97%         3
 Airstrike                Air            0%         2d(0-16)  100%        4
 Flame Wave               Conj/Fire      0%         2d4       100%        4
 Iskenderun's Mystic Bla  Conj/Tloc      0%         2d3       100%        4
 Olgreb's Toxic Radiance  Pois           0%         N/A       100%        4
 Passage of Golubria      Tloc           0%         N/A       100%        4
 Summon Lightning Spire   Summ/Air       0%         N/A       100%        4
 Agony                    Necr           0%         N/A       100%        5
 Arcjolt                  Conj/Air       0%         1d10      100%        5
 Silence                  Hex/Air        0%         N/A       100%        5
 Starburst                Conj/Fire      0%         6d3       100%        6
 Summon Cactus Giant      Summ           0%         N/A       100%        6
 Storm Form               Tmut/Air       0%         N/A       100%        7
 Lehudib's Crystal Spear  Conj/Erth      0%         10d2      100%        8


Dungeon Overview and Level Annotations

Branches:
Dungeon (14/15)            Temple (1/1) D:5            Lair (0/5) D:8
    Orc (0/2) D:9          Bailey (visited)
 Vaults: D:13-14

Altars:
Ashenzari
Cheibriados
Dithmenos
Elyvilon
Fedhas
Gozag
Hepliaklqana
Kikubaaqudgha
Makhleb
Nemelex Xobeh
Okawaru
Qazlal
Ru
Sif Muna
Trog
Uskayaw
Vehumet
Wu Jian
Xom
Yredelemnul
Zin
The Shining One

Shops:
D:10 ?   D:11 (**   D:12 !

Annotations:
D:11 2 transporters, Radiant's ghost, novice DrCj


Innate Abilities, Weirdness & Mutations

You are too large for most types of armour.
You have claws for hands.
Your natural rate of healing is unusually fast.
You are covered in fur. (AC +1)
You have tough skin. (AC +1)
You have a pair of small horns on your head.
You are mostly covered in iridescent scales. (AC +4)
You are clumsy. (Dex -2)
Your flesh is cold resistant. (rC+)
You have an increased reservoir of magic. (+10% MP)
You are strong-willed. (Will+)
You are robust. (+10% HP)
Your muscles are strong. (Str +4, Int/Dex -1)
You occasionally lose the ability to drink potions when taking damage.
You expend magic power (3 MP) to strengthen your wands.
Your movements are slightly less encumbered by armour. (ER -2)


Message History

Throw: 6 boomerangs
Press: ? - help, Q - select action, (/) - cycle Shift-Dir - straight line, f/p - seven-headed hydra
Aim: a seven-headed hydra (severely wounded, 82% to hit)
You throw a boomerang.
The boomerang hits the seven-headed hydra!
The seven-headed hydra is severely wounded.
The seven-headed hydra bites you.
* * * LOW HITPOINT WARNING * * *
The seven-headed hydra bites you but does no damage. x2
You block the seven-headed hydra's attack. x2
The seven-headed hydra bites you but does no damage. x2
Unknown command.
Throw: 6 boomerangs
Press: ? - help, Q - select action, (/) - cycle Shift-Dir - straight line, f/p - seven-headed hydra
Aim: a seven-headed hydra (severely wounded, 82% to hit)
You throw a boomerang.
The boomerang hits the seven-headed hydra!!
The seven-headed hydra is almost dead.
The seven-headed hydra bites you.
* * * LOW HITPOINT WARNING * * *
The seven-headed hydra bites you but does no damage.
The seven-headed hydra bites you.
* * * LOW HITPOINT WARNING * * *
The seven-headed hydra bites you.
* * * LOW HITPOINT WARNING * * *
The seven-headed hydra bites you!
* * * LOW HITPOINT WARNING * * *
The seven-headed hydra misses you.
You block the seven-headed hydra's attack.
Unknown command.
Throw: 6 boomerangs
Press: ? - help, Q - select action, (/) - cycle Shift-Dir - straight line, f/p - seven-headed hydra
Aim: a seven-headed hydra (almost dead, 82% to hit)
You throw a boomerang.
The boomerang barely misses the seven-headed hydra.
The seven-headed hydra completely misses you.
The seven-headed hydra bites you!
* * * LOW HITPOINT WARNING * * *
The seven-headed hydra bites you!
You die...

..#......#...#......#......>.#...
(.##.....#...#......#.......##...
..##.....#...#[.....#.......##...
..####'###...#......##########...
..##....########'#......#...##...
..#..............#......#....#...
..#..............#......#....'...
..+..............#......+....#...
..###...###...##@#......######...
..###...###...##D###.........###'
....#<...#....#.>..#..<......#...
....#....#....#....+.........'...
....#....#....#....#.........#...
..###....#########'#.........####
..###....###...........>...###..#
...........#...............#....#
...........#...............#....#


You could see a seven-headed hydra.

Vanquished Creatures
  A hydra (D:13)
  A two-headed ogre (D:12)
  A centaur warrior (D:13)
  2 boulder beetles
  4 skeletal warriors (D:13)
  Pikel (D:7)
  An orc knight (Bailey)
  A manticore (D:12)
  A deep elf pyromancer (D:12)
  An ugly thing (D:9)
  A moth of wrath (shapeshifter) (D:9)
  Maurice (D:8)
  2 kobold demonologists
  2 unseen horrors
  7 trolls
  A hornet (D:10)
  2 shadows (D:11)
  15 yaks
  4 wraiths
  A hog (D:8)
  7 vampire mosquitoes
  Menkaure (D:7)
  4 water moccasins
  3 ice beasts
  13 orc warriors
  4 black bears
  5 sky beasts
  7 ogres
  3 centaurs
  A lemure (D:7)
  2 wolves (D:8)
  3 phantoms
  7 kobold brigands
  7 gnoll sergeants
  A bullfrog (D:8)
  A scorpion (D:5)
  11 wights
  5 killer bees (D:10)
  9 howler monkeys
  11 electric eels
  2 jellies (D:5)
  5 orc priests
  8 hounds
  2 sleepcaps
  A gnoll bouda (D:8)
  4 iguanas
  Terence (D:2)
  3 orc wizards
  A mummy (D:6)
  12 gnolls
  7 adders
  A shadow imp (D:5)
  An ufetubus (D:7)
  A worm (D:2)
  A dart slug (D:1)
  36 orcs
  2 endoplasms
  2 giant cockroaches (D:1)
  4 hobgoblins
  6 kobolds
  6 quokkas
  3 ball pythons
  A bat (D:1)
  A frilled lizard (D:2)
  12 goblins
  2 kobold zombies (D:6)
  2 orc zombies (D:6)
  4 rats (D:1)
286 creatures vanquished.

Vanquished Creatures (collateral kills)
  A two-headed ogre (D:11)
  A skeletal warrior (D:13)
  A cyclops (D:11)
3 creatures vanquished.

Vanquished Creatures (others)
  A killer bee (D:10)
1 creature vanquished.

Grand Total: 290 creatures vanquished

Notes
Turn   | Place    | Note
-------+----------+-------------------------------------------
     0 | D:1      | cdecastro the Troll Fighter began the quest for the Orb.
     0 | D:1      | Reached XP level 1. HP: 22/22 MP: 0/0
    99 | D:1      | Reached XP level 2. HP: 29/29 MP: 1/1
   483 | D:1      | Reached skill level 3 in Fighting
   485 | D:1      | Reached XP level 3. HP: 35/37 MP: 2/2
   953 | D:2      | Noticed Terence
   967 | D:2      | Killed Terence
   968 | D:2      | Reached XP level 4. HP: 23/45 MP: 3/3
   998 | D:2      | You fall into a shaft and drop 2 floors!
  1024 | D:4      | Noticed a phantom
  1045 | D:4      | Killed a phantom
  1046 | D:4      | Reached XP level 5. HP: 41/54 MP: 4/4
  1098 | D:4      | Noticed a black bear
  1110 | D:4      | Reached skill level 4 in Fighting
  1113 | D:4      | Killed a black bear
  1114 | D:4      | Reached XP level 6. HP: 60/62 MP: 5/5
  1160 | D:4      | Reached skill level 5 in Unarmed Combat
  1733 | D:3      | Found a basalt altar of Yredelemnul.
  1860 | D:3      | Identified the +6 quarterstaff "Impslayer" {drain, *Noise
                  | rCorr SInv}
  1865 | D:3      | Reached skill level 5 in Fighting
  1865 | D:3      | Reached XP level 7. HP: 72/72 MP: 6/6
  1984 | D:3      | Found a snail-covered altar of Cheibriados.
  2570 | D:4      | Reached skill level 6 in Fighting
  2570 | D:4      | Reached XP level 8. HP: 74/83 MP: 7/7
  2706 | D:5      | Entered Level 5 of the Dungeon
  2762 | D:5      | Found a shimmering altar of Xom.
  3039 | D:5      | Became a worshipper of Xom of Chaos
  3070 | D:5      | XOM: silly message
  3072 | D:5      | Reached skill level 7 in Fighting
  3177 | D:5      | Found a radiant altar of Vehumet.
  3177 | D:5      | Found an ancient bone altar of Kikubaaqudgha.
  3260 | D:5      | Found a staircase to the Ecumenical Temple.
  3266 | Temple   | XOM: stealth player
  3266 | Temple   | Entered the Ecumenical Temple
  3375 | Temple   | XOM: divination: detect items
  3679 | D:6      | XOM: cast spell 'Cause Fear'
  3680 | D:6      | XOM: confuse monster(s)
  3898 | D:6      | XOM is BORED!
  3923 | D:6      | Reached XP level 9. HP: 75/93 MP: 8/8
  4065 | D:6      | Found a stormy altar of Qazlal.
  4257 | D:6      | XOM: silly message
  4343 | D:7      | Found a bloodstained altar of Trog.
  4354 | D:7      | Noticed Pikel
  4369 | D:7      | Killed Pikel
  4370 | D:7      | Reached skill level 8 in Fighting
  4420 | D:7      | XOM: give mutations
  4420 | D:7      | Gained mutation: You occasionally lose the ability to drink
                  | potions when taking damage. [Xom's mischief]
  4420 | D:7      | Gained mutation: You are clumsy. (Dex -2) [Xom's mischief]
  4453 | D:7      | XOM: 3-stop teleportation journey
  4544 | D:7      | XOM: enchant monster (bad)
  4571 | D:7      | Reached skill level 5 in Shields
  4572 | D:7      | XOM: 6-stop teleportation journey
  4576 | D:7      | XOM: summons 2 hostile shadow creatures
  4691 | D:7      | XOM: silly message
  4751 | D:7      | Noticed Menkaure
  4787 | D:7      | Killed Menkaure
  4835 | D:7      | XOM: enchant monster (good)
  4836 | D:7      | XOM: noise
  4878 | D:7      | XOM: divination: detect creatures
  5106 | D:7      | XOM: god gift: potion of might
  5180 | D:8      | Noticed Maurice
  5187 | D:8      | XOM: potion effect (attraction)
  5228 | D:8      | XOM: potion effect (curing)
  5229 | D:8      | Killed Maurice
  5230 | D:8      | Reached skill level 9 in Fighting
  5230 | D:8      | Reached XP level 10. HP: 46/107 MP: 9/9
  5260 | D:8      | XOM: silly message
  5380 | D:6      | XOM: divination: detect creatures
  5483 | D:8      | XOM: 1-stop teleportation journey
  5590 | D:8      | Identified the +8 plate armour of the Hanged Man {Str+6}
  5611 | D:8      | Found a flagged portal.
  5621 | Bailey   | Entered a bailey
  5978 | Bailey   | XOM: give mutations
  5978 | Bailey   | Gained mutation: Your magical capacity is low. (-10% MP)
                  | [Xom's mischief]
  5978 | Bailey   | Lost mutation: Your magical capacity is low. (-10% MP)
                  | [Xom's mischief]
  5978 | Bailey   | Gained mutation: You are partially covered in iridescent
                  | scales. (AC +2) [Xom's mischief]
  5978 | Bailey   | Lost mutation: You are partially covered in iridescent
                  | scales. (AC +2) [Xom's mischief]
  5999 | Bailey   | XOM: summons 5 hostile demons
  6100 | Bailey   | Noticed an orc knight
  6103 | Bailey   | XOM: swap monsters
  6110 | Bailey   | XOM: noise
  6113 | Bailey   | Killed an orc knight
  6114 | Bailey   | Reached skill level 5 in Dodging
  6116 | Bailey   | Reached skill level 10 in Fighting
  6162 | Bailey   | Reached XP level 11. HP: 117/117 MP: 10/10
  6417 | D:8      | Reached skill level 1 in Armour
  6743 | D:8      | Paralysed by a hornet for 1 turns
  6744 | D:8      | XOM: polymorph hornet -> hog
  6745 | D:8      | XOM: enchant monster (bad)
  6835 | D:9      | XOM: destruction
  6945 | D:8      | XOM: noise
  7021 | D:9      | an orc changed into a glowing shapeshifter
  7021 | D:9      | Noticed a glowing shapeshifter (glowing shapeshifter)
  7021 | D:9      | XOM: polymorph orc -> glowing shapeshifter
  7022 | D:9      | a glowing shapeshifter changed into a moth of wrath
  7083 | D:9      | Found a staircase to the Orcish Mines.
  7171 | D:9      | Noticed a brown ugly thing
  7185 | D:9      | Killed a brown ugly thing
  7221 | D:9      | Identified the +9 trident "Qososode" {antimagic, rPois}
  7238 | D:9      | Reached XP level 12. HP: 125/128 MP: 11/11
  7241 | D:9      | XOM: confuse monster(s)
  7367 | D:9      | XOM: smoke on damage
  7409 | D:9      | XOM: divination: detect creatures
  7435 | D:9      | XOM: confuse monster(s)
  7565 | D:9      | XOM: scenery: summon butterflies
  7763 | D:10     | Entered Level 10 of the Dungeon
  7869 | D:10     | Found Aphosmiw's Magic Scroll Boutique.
  7869 | D:10     | XOM: god gift: 63 gold pieces
  7877 | D:10     | Bought a scroll of fog for 48 gold pieces
  7877 | D:10     | Bought a scroll of fear for 48 gold pieces
  7877 | D:10     | Bought a scroll of butterflies for 48 gold pieces
  7877 | D:10     | Bought a scroll of poison for 48 gold pieces
  7877 | D:10     | Bought a scroll of silence for 114 gold pieces
  7877 | D:10     | Bought a scroll of identify for 24 gold pieces
  7877 | D:10     | Bought a scroll of teleportation for 36 gold pieces
  7877 | D:10     | Bought a scroll of teleportation for 36 gold pieces
  7877 | D:10     | Bought a scroll of fog for 48 gold pieces
  7905 | D:10     | Reached skill level 11 in Fighting
  8032 | D:10     | XOM: fog
  8035 | D:10     | Paralysed by a hornet for 3 turns
  8142 | D:10     | XOM: divination: magic mapping
  8145 | D:10     | XOM: smoke on damage
  8246 | D:10     | Found a transporter.
  8264 | D:10     | XOM: confuse monster(s)
  8269 | D:10     | XOM: destruction
  8334 | D:10     | Found a transporter.
  8401 | D:10     | XOM: god gift: 61 gold pieces
  8419 | D:10     | XOM: 2-stop teleportation journey
  8701 | D:8      | Found a staircase to the Lair.
  8908 | D:10     | XOM: give mutations
  8908 | D:10     | Gained mutation: You expend magic power (3 MP) to
                  | strengthen your wands. [Xom's grace]
  8908 | D:10     | Gained mutation: You are strong-willed. (Will+) [Xom's
                  | grace]
  8908 | D:10     | Gained mutation: You are partially covered in iridescent
                  | scales. (AC +2) [Xom's grace]
  8908 | D:10     | Gained mutation: Your movements are slightly less
                  | encumbered by armour. (ER -2) [Xom's grace]
  8935 | D:11     | Found Feapt's General Store.
  8938 | D:11     | Noticed a two-headed ogre
  8944 | D:11     | XOM: destruction
  8952 | D:11     | Killed a two-headed ogre
  8953 | D:11     | Reached skill level 5 in Armour
  9166 | D:11     | Noticed a boulder beetle
  9174 | D:11     | Killed a boulder beetle
  9193 | D:11     | Noticed Radiant's ghost (novice DrCj)
  9193 | D:11     | Noticed a two-headed ogre
  9195 | D:11     | Found a transporter.
  9195 | D:11     | Noticed a two-headed ogre
  9195 | D:11     | Noticed a two-headed ogre
  9203 | D:11     | Found a transporter.
  9204 | D:11     | Identified the +5 dire flail "Huott" {flame, Will+ MP+9
                  | Str+3}
  9204 | D:11     | Noticed a two-headed ogre
  9305 | D:11     | Got the Handbook of the Polluted Tempest
  9359 | D:11     | Found Piubyzog's General Store.
  9368 | D:11     | Bought a potion of flight for 51 gold pieces
  9368 | D:11     | Bought a scroll of immolation for 68 gold pieces
  9368 | D:11     | Bought a scroll of identify for 34 gold pieces
  9368 | D:11     | Bought a scroll of fear for 68 gold pieces
  9559 | D:11     | Found Ygepa's Antique Weapon Shoppe.
  9715 | D:11     | XOM: god gift: wand of light (4)
  9721 | D:11     | XOM: give mutations
  9721 | D:11     | Gained mutation: Your muscles are strong. (Str +4, Int/Dex
                  | -1) [Xom's grace]
  9721 | D:11     | Gained mutation: You are mostly covered in iridescent
                  | scales. (AC +4) [Xom's grace]
  9845 | D:12     | Noticed a boulder beetle
  9858 | D:12     | Killed a boulder beetle
 10008 | D:12     | XOM: summons friendly crimson imp
 10011 | D:12     | Reached skill level 12 in Fighting
 10114 | D:12     | XOM: god gift: smouldering trident {god gift}
 10114 | D:12     | Identified the +7 trident of the Wolf {chaos, rF+} (Xom
                  | gifted it to you on level 12 of the Dungeon)
 10158 | D:12     | Found Getiote's Distillery.
 10158 | D:12     | XOM: potion effect (invisibility)
 10204 | D:12     | Bought a potion of degeneration for 12 gold pieces
 10204 | D:12     | Bought a potion of might for 48 gold pieces
 10204 | D:12     | Bought 2 potions of heal wounds for 120 gold pieces
 10413 | D:12     | Noticed a two-headed ogre
 10426 | D:12     | Killed a two-headed ogre
 10739 | D:13     | Noticed a seven-headed hydra
 10741 | D:13     | XOM: confuse monster(s)
 10750 | D:13     | Killed a seven-headed hydra
 10855 | D:13     | XOM: god gift: scroll of fear
 11002 | D:13     | Noticed a centaur warrior
 11009 | D:13     | Killed a centaur warrior
 11010 | D:13     | Reached XP level 13. HP: 130/141 MP: 12/12
 11203 | D:13     | XOM: potion effect (brilliance)
 11204 | D:13     | XOM: summons friendly shadow imp
 11210 | D:13     | XOM: smoke on damage
 11419 | D:13     | XOM: give mutations
 11419 | D:13     | Gained mutation: You are robust. (+10% HP) [Xom's grace]
 11419 | D:13     | Gained mutation: You have a pair of small horns on your
                  | head. [Xom's grace]
 11419 | D:13     | Gained mutation: You have an increased reservoir of magic.
                  | (+10% MP) [Xom's grace]
 11419 | D:13     | Gained mutation: Your flesh is cold resistant. (rC+) [Xom's
                  | grace]
 11477 | D:14     | XOM: noise
 11493 | D:13     | HP: 7/155 [seven-headed hydra (11)]
 11493 | D:13     | Slain by a seven-headed hydra

Illustrated notes

Levels and vault maps discovered:
D:1:      lemuel_arrival_river_ford, layout_loops_cross
D:2:      layout_basic, dk_vineyard_3, uniq_terence
D:3:      minmay_evil_eye, layout_loops_ring, general_overflow_altar,
          chei_slow_surprise, nicolae_concentric_dashed_squares_wild
D:4:      layout_basic
D:5:      layout_cave_pools, overflow_temple_1_default,
          gammafunk_temple_overflow_wave, minmay_temple_entry_enclosed_plants,
          roderic_serpentine_path
D:6:      layout_basic, nicolae_qazlal_scattered_showers, minmay_mini_ossuary
D:7:      layout_loops_cross, mainiacjoe_overflow_concentric_impassable,
          minmay_large_rounded_square, uniq_menkaure, uniq_pikel
D:8:      layout_cave_pods, erik_lair_island, enter_bailey_3, uniq_maurice
D:9:      layout_rooms, kennysheep_orc_monster_closet_entryway,
          minmay_misc_feat_plants, patterned_corridor
D:10:     layout_basic, nicolae_stop_n_shop_2, chequers_serial_rivers_micro_b,
          nicolae_diode_stairs
D:11:     layout_basic, serial_shops, nicolae_shop_trees, shop, shop,
          gammafunk_ghost_smash
D:12:     layout_basic, serial_shops, shop, nzn_sisyphean_effort
D:13:     layout_gridville, minivault_23
D:14:     layout_basic, skrybe_vaults_entry_preservation,
          hangedman_abyss_or_decor_passed, tgw_xom, uniq_snorg, uniq_rupert,
          uniq_louise, uniq_lodul
Temple:   bh_familiar_temple

Skill      XL: |  1  2  3  4  5  6  7  8  9 10 11 12 13 |
---------------+----------------------------------------+-----
Fighting       | 3 4 5 6 7 9 10 12 | 12.6
Unarmed Combat | 3 4 5 6 8 9 |  9.0
Shields        | 5 |  5.0
Dodging        | 3 5 6 7 |  7.1
Throwing       | 8 |  8.2
Armour         | 3 6 |  6.1

Action                     |  1- 3 |  4- 6 |  7- 9 | 10-12 | 13-15 || total
---------------------------+-------+-------+-------+-------+-------++-------
  Melee: Unarmed           |    79 |    60 |   257 |   496 |    52 ||   944
  Throw: Boomerang         |       |       |       |    57 |     7 ||    64
         Dart              |       |       |       |    11 |       ||    11
         Large rock        |       |       |       |       |     2 ||     2
  Evoke: Phial of floods   |       |       |       |       |     1 ||     1
    Use: Potion            |       |     1 |     5 |     2 |       ||     8
         Scroll            |       |       |     8 |     6 |       ||    14
   Stab: Confused          |       |       |     1 |     4 |       ||     5
         Sleeping          |       |       |       |     1 |       ||     1
 Armour: Robe              |    13 |     8 |    35 |    69 |       ||   125
         Skin              |       |       |     5 |       |       ||     5
         Troll leather arm |       |       |       |    35 |    35 ||    70
  Dodge: Dodged            |    21 |    18 |   101 |   287 |    36 ||   463
  Block: Kite shield       |    22 |    28 |    81 |   238 |    25 ||   394
